 Dungeon Crawl Stone Soup version 0.18.1-8-gdd0e5ea (console) character file.

98 Doll the Chopper (level 4, 0/39 HPs)
             Began as a Hill Orc Berserker on May 27, 2016.
             Was a Priest of Trog.
             Slain by an orc priest
             ... wielding a +0 whip
              (2 damage)
             ... on level 3 of the Dungeon.
             The game lasted 00:07:51 (1942 turns).

Doll the Chopper (Hill Orc Berserker)               Turns: 1942, Time: 00:07:51

Health: 0/39       AC:  4    Str: 20    XL:     4   Next: 71%
Magic:  4/4        EV: 11    Int: 10    God:    Trog [***...]
Gold:   122        SH:  0    Dex: 10    Spells: 0 memorised, 3 levels left

rFire  . . .     SeeInvis .     a - +0 hand axe
rCold  . . .     Gourm    .     j - +0 leather armour
rNeg   . . .     Faith    .     (no shield)
rPois  .         Spirit   .     (no helmet)
rElec  .         Dismiss  .     (no cloak)
rCorr  .         Reflect  .     g - +0 pair of gloves
SustAt +         Harm     .     (no boots)
MR     .....                    (no amulet)
Stlth  +.........               s - +3 ring of intelligence
                                r - ring of sustain attributes (curse)

@: slowed, very slow, not resistant to hostile enchantments, very unstealthy
A: no striking features
a: Berserk, Trog's Hand, Burn Spellbooks, Renounce Religion, Convert to Beogh


You were on level 3 of the Dungeon.
You worshipped Trog.
Trog was most pleased with you.
You were not hungry.

You visited 1 branch of the dungeon, and saw 3 of its levels.

You collected 122 gold pieces.

Inventory:

Hand Weapons
 a - a +0 hand axe (weapon)
 m - a +3 hunting sling of flaming
Missiles
 h - 2 throwing nets
 o - 117 stones
 q - 15 sling bullets
 t - 2 javelins (quivered)
Armour
 g - a +0 pair of gloves (worn)
 j - a +0 leather armour (worn)
 k - a +2 shield
 v - a +2 large shield
Jewellery
 r - a cursed ring of sustain attributes (left hand)
 s - a +3 ring of intelligence (right hand)
Scrolls
 b - a scroll of enchant weapon
 d - 3 scrolls of identify
 e - a scroll of fear {unknown}
 f - a scroll of amnesia
 l - a scroll of immolation {unknown}
 w - 2 scrolls of fog
Potions
 i - 3 potions of brilliance {unknown}
 n - a potion of heal wounds
Comestibles
 c - 4 bread rations
 p - a fruit
 x - a meat ration


   Skills:
 - Level 3.6 Fighting
 + Level 7.0 Axes
 - Level 2.1 Armour
 - Level 1.5 Dodging


You had 3 spell levels left.
You didn't know any spells.

Dungeon Overview and Level Annotations

Branches:
Dungeon (3/15)

Altars:
Pakellas


Message History

The orc wizard is moderately wounded.
You closely miss the orc.
The orc priest threatens, "By the altar or by the axe, you will meet Beogh!"
The orc priest hits you with a whip.
* * * LOW HITPOINT WARNING * * *
The orc barely misses you.
The orc wizard gestures at you while chanting.
You feel yourself slow down.
The orc hits you from afar with a trident!
* * * LOW HITPOINT WARNING * * *
Okay, then.
You barely miss the orc priest.
The orc priest is severely wounded.
You hit the orc.
The orc is lightly wounded.
The orc priest shouts, "Beogh is our master!
Accept the truth or die!"
You hit the orc wizard but do no damage.
The orc wizard is moderately wounded.
The orc priest hits you with a whip.
You die...

## ### ... .. .... #. #
#
.....#o###############.#
.....oo@...............#
......o)................
.....#.#######.......# #
.... ## #.#####.### ...
#.#####.# #.... ..
#......# #.... ## .
#.#####.# #..## ..
#.#####..## #.
#........## .
########.## ####.##
#.....


You could see an orc priest, an orc wizard and 2 orcs.

Vanquished Creatures
  3 gnolls (D:3)
  2 oozes
  2 dart slugs
  3 giant geckos
  An orc (D:3)
  4 giant cockroaches
  7 goblins
  4 hobgoblins (D:1)
  3 jackals (D:3)
  A quokka (D:2)
  A ball python (D:2)
  9 bats
  4 giant newts
  4 kobolds
  10 rats
58 creatures vanquished.

Notes
Turn   | Place    | Note
--------------------------------------------------------------
     0 | D:1      | Doll the Hill Orc Berserker began the quest for the Orb.
     0 | D:1      | Reached XP level 1. HP: 19/19 MP: 1/1
    88 | D:1      | Reached XP level 2. HP: 16/26 MP: 2/2
   284 | D:1      | Reached skill level 5 in Axes
   311 | D:1      | Reached XP level 3. HP: 9/31 MP: 3/3
   465 | D:1      | Reached ** piety under Trog
  1049 | D:2      | Reached skill level 6 in Axes
  1497 | D:2      | Found an oddly glowing altar of Pakellas.
  1498 | D:2      | Noticed a fire dragon
  1542 | D:3      | Reached XP level 4. HP: 39/39 MP: 4/4
  1935 | D:3      | Reached *** piety under Trog
  1940 | D:3      | Reached skill level 7 in Axes
  1942 | D:3      | Slain by an orc priest

Skill      XL: |  1  2  3  4 |
---------------+-------------+-----
Axes           | 5 6 7 |  7.0
Fighting       | |  3.6
Armour         | |  2.1
Dodging        | |  1.5

Action                   |  1- 3 |  4- 6 || total
-------------------------+-------+-------++-------
Melee: Hand axe          |   141 |    36 ||   177
 Fire: Hunting sling     |     3 |       ||     3
Invok: Berserk           |     1 |     1 ||     2
  Use: Scroll            |     3 |     2 ||     5
  Eat: Chunk             |     3 |     2 ||     5
Armor: Animal skin       |     7 |       ||     7
       Leather armour    |    38 |    15 ||    53
Dodge: Dodged            |    73 |    28 ||   101
